AoeStats
← FAFO

Arena

505102786Analyzed
1v1 RM · 23d ago on Sep 7, 2026· 41m 39s· 2 players
Game mode
Random Map
Map size
Tiny (2 player)
Population
200
Speed
Normal
Resources
Standard
Victory
Conquest
Starting age
Dark Age
Ending age
Imperial Age
RankedLock teamsTeams togetherTeam positionsShared explorationLock speedFull tech treeHidden civsTurbo modeCheats
Victory
Defeat
🇲🇽 Portuguese · Mexico
996
+16
🇨🇦 Britons · Canada
992
-32
FAFO
9:01 Feudal Age
9:31 Double-Bit Axe
9:28 Horse Collar
10:27 Wheelbarrow
19:23 Castle Age
17:32 Gold Mining
20:32 Bow Saw
22:18 Gold Shaft Mining
21:55 Heavy Plow
22:56 Stone Mining
25:12 Fletching
26:41 Hand Cart
26:14 Pikeman
27:37 Squires
27:26 Crossbowman
28:11 Padded Archer Armor
28:16 Scale Mail Armor
28:31 Forging
31:08 Ballistics
33:41 Imperial Age
33:07 Ballistics
34:10 Yeomen
34:05 Arbalester
35:50 Chemistry
35:51 Leather Archer Armor
35:31 Bodkin Arrow
36:32 Conscription
36:54 Cavalier
39:15 Husbandry
pepperonix7
11:45 Feudal Age
12:48 Double-Bit Axe
15:58 Castle Age
14:13 Double-Bit Axe
15:48 Horse Collar
17:19 Bow Saw
27:53 Imperial Age
25:19 Loom
26:43 Pikeman
27:08 Arson
27:26 Scale Mail Armor
27:37 Forging
27:43 Heavy Plow
27:38 Gold Mining
27:37 Town Watch
28:59 Wheelbarrow
29:30 Stone Mining
29:03 Halberdier
31:05 Chemistry
32:01 Conscription
34:41 Two-Man Saw
34:35 Bombard Tower
34:36 Ballistics
34:28 Masonry
36:50 Arquebus
37:47 Chain Mail Armor
38:08 Iron Casting
Connection lost

Rejoining the realm…

Still unreachable

The connection could not be restored.

Session expired

The server has moved on; the page needs a fresh start.